 Dungeon Crawl Stone Soup version 0.20.1-1-g8b1a95d (webtiles) character file.

72 Inarius the Grave Robber (level 4, -1/32 HPs)
             Began as a Demonspawn Necromancer on July 15, 2017.
             Slain by Grinder (5 damage)
             ... on level 3 of the Dungeon.
             The game lasted 00:06:48 (2559 turns).

Inarius the Grave Robber (Demonspawn Necromancer)   Turns: 2559, Time: 00:06:49

Health: -1/32      AC:  5    Str:  8    XL:     4   Next: 6%
Magic:  7/7        EV: 10    Int: 17    God:
Gold:   145        SH:  0    Dex: 14    Spells: 2/7 levels left

rFire    . . .     SeeInvis .   g - +0 short sword
rCold    . . .     Gourm    .   (no shield)
rNeg     . . .     Faith    .   d - +0 ring mail
rPois    .         Spirit   .   (helmet restricted)
rElec    .         Reflect  .   (no cloak)
rCorr    .         Harm     .   (no gloves)
MR       .....                  (no boots)
Stlth    +.........             (no amulet)
Regen    0.1/turn               (no ring)
MPRegen  0.1/turn               (no ring)

@: no status effects
A: antennae 2, spiny 1
a: no special abilities


You were on level 3 of the Dungeon.
You were not hungry.

You visited 1 branch of the dungeon, and saw 4 of its levels.

You collected 145 gold pieces.

Inventory:

Hand Weapons
 g - a +0 short sword (weapon)
Armour
 d - a +0 ring mail (worn)
Wands
 l - a wand of flame (19/48)
Scrolls
 a - a scroll of remove curse {unknown}
 e - 3 scrolls of identify {unknown}
 f - a scroll of blinking {unknown}
 n - a scroll of teleportation {unknown}
Potions
 h - a potion of flight {unknown}
 j - a potion of heal wounds {unknown}
 k - a potion of agility {unknown}
 m - a potion of curing {unknown}
Books
 b - a book of Necromancy

   Spells                             Type                      Level
   a - Pain                           Necromancy                   1
   b - Animate Skeleton               Necromancy                   1
   c - Vampiric Draining              Necromancy                   3
   d - Regeneration                   Charms/Necromancy            3
   e - Animate Dead                   Necromancy                   4
   f - Control Undead                 Necromancy                   4
Comestibles
 c - 2 bread rations


   Skills:
 * Level 1.5 Fighting
 * Level 1.0 Armour
 + Level 2.0 Dodging
 - Level 1.8 Stealth
 + Level 2.3 Spellcasting
 + Level 5.1 Necromancy


You had 2 spell levels left.
You knew the following spells:

 Your Spells              Type           Power        Failure   Level  Hunger
a - Pain                  Necr           ###.         7%          1    #......
b - Animate Skeleton      Necr           N/A          7%          1    #......
c - Vampiric Draining     Necr           ###.......   21%         3    ###....


Dungeon Overview and Level Annotations

Branches:
Dungeon (4/15)
 Temple: D:4-7

Altars:

Annotations:
D:3 Grinder; potam12345's ghost, amateur DgFE
D:4 Menkaure


Innate Abilities, Weirdness & Mutations

You have a pair of antennae on your head.
You are partially covered in sharp spines.


Message History

You barely resist.
Menkaure calls on the powers of darkness!
Your body is wracked with pain!
There is a stone staircase leading up here.
You climb upwards.
Grinder shouts!
A ball python, 3 jackals, a giant cockroach and an orc come into view.
The orc shouts!
The jackal barks!
The ball python hisses angrily.
The jackal barks!
You hear a shout!
Found four items.
Found a stone staircase leading up.
There is a stone staircase leading down here.
Potam12345's ghost (amateur Demigod Fire Elementalist) comes into view.
It is wielding a vorpal weapon.
Potam12345's ghost turns its malevolent gaze towards you.
Grinder gestures at you. Pain shoots through your body!
* * * LOW HITPOINT WARNING * * *
Grinder hits you.
* * * LOW HITPOINT WARNING * * *
You writhe in agony.
You die...

.. #. ###+##.
.....h. ......{
....h.. {{
..$....#####+####
.....s.h.@5..W...
###.........#####
#(........#
#......S..#
#.........#
#..o......#
#.........#
#.........?


You could see Grinder, potam12345's ghost, an orc, 2 jackals, a giant cockroach
and a ball python.

Vanquished Creatures
  An adder (D:2)
  An ooze (D:1)
  2 worms (D:2)
  2 dart slugs (D:2)
  2 leopard geckos
  3 bats (D:1)
  5 giant cockroaches
  5 goblins
  4 hobgoblins
  8 kobolds
  A ball python (D:1)
  5 frilled lizards
  5 rats
44 creatures vanquished.

Vanquished Creatures (collateral kills)
  A giant cockroach (D:2)
  A goblin (D:2)
  A bat (D:1)
  A kobold (D:1)
4 creatures vanquished.

Grand Total: 48 creatures vanquished

Notes
Turn   | Place    | Note
-------+----------+-------------------------------------------
     0 | D:1      | Inarius the Demonspawn Necromancer began the quest for the Orb.
     0 | D:1      | Reached XP level 1. HP: 13/13 MP: 3/3
    22 | D:1      | Learned a level 1 spell: Animate Skeleton
   345 | D:1      | Gained mutation: You have a pair of small antennae on your head. [demonic ancestry]
   345 | D:1      | Reached XP level 2. HP: 9/20 MP: 0/5
   354 | D:1      | Reached skill level 1 in Fighting
  1245 | D:1      | Gained mutation: You have a pair of antennae on your head. [demonic ancestry]
  1245 | D:1      | Reached XP level 3. HP: 22/26 MP: 4/6
  1686 | D:2      | Learned a level 3 spell: Vampiric Draining
  1961 | D:2      | Reached skill level 5 in Necromancy
  2082 | D:2      | Reached skill level 1 in Armour
  2254 | D:2      | Gained mutation: You are partially covered in sharp spines. [demonic ancestry]
  2254 | D:2      | Reached XP level 4. HP: 26/32 MP: 0/7
  2367 | D:2      | You fall through a shaft for 2 floors!
  2448 | D:4      | Noticed Menkaure
  2557 | D:3      | Noticed Grinder
  2558 | D:3      | Noticed potam12345's ghost (amateur DgFE)
  2559 | D:3      | Slain by Grinder

Skill      XL: |  1  2  3 |
---------------+----------+-----
Fighting       | 1 |  1.5
Dodging        | 2 |  2.0
Necromancy     | 5 |  5.1
Armour         | 1 |  1.0
Stealth        | |  1.8
Spellcasting   | |  2.3

Action                   |  1- 3 |  4- 6 || total
-------------------------+-------+-------++-------
Melee: Unarmed           |    26 |       ||    26
       Short sword       |    88 |     3 ||    91
 Cast: Pain              |    55 |       ||    55
       Animate Skeleton  |     9 |     1 ||    10
 Stab: Sleeping          |     1 |       ||     1
  Eat: Chunk             |     5 |     1 ||     6
Armor: Ring mail         |    81 |     1 ||    82
Dodge: Dodged            |    75 |     3 ||    78
